 Dungeon Crawl Stone Soup version 0.32-a0-616-g9348d4545b (webtiles) character file.

Game seed: 17443029585041840803

10509 ytrimaz the Carver (level 11, -3/83 HPs)
             Began as a Coglin Gladiator on Mar 4, 2024.
             Was a High Priest of Okawaru.
             Slain by a troll (8 damage)
             ... on level 10 of the Dungeon on Mar 5, 2024.
             The game lasted 00:12:07 (8502 turns).

ytrimaz the Carver (Coglin Gladiator)               Turns: 8502, Time: 00:12:08

Health: -3/83      AC:  9    Str: 19    XL:     11   Next: 63%
Magic:  12/14      EV: 15    Int:  7    God:    Okawaru [*****.]
Gold:   723        SH:  0    Dex: 16    Spells: 10/10 levels left

rFire   . . .        p - +1 scimitar (heavy) {Anneliese}
rCold   . . .        j - +2 long sword (venom) {Marisol}
rNeg    . . .        b - +1 troll leather armour {Pargi}
rPois   .            c - +1 helmet
rElec   .            B - +0 cloak
rCorr   .            (no gloves)
SInv    .            (no boots)
Will    .....        (amulet unavailable)
Stlth   +++          (ring unavailable)
HPRegen 1.13/turn    (ring unavailable)
MPRegen 0.14/turn    (no gizmo)

%: no passive effects
@: heroic, hasted, revving, very quick
A: off-hand wielding, slow wielding, warmup strikes, no jewellery
a: Invent Gizmo, Renounce Religion, Heroism, Finesse, Duel


You were on level 10 of the Dungeon.
You worshipped Okawaru.
Okawaru was extremely pleased with you.
You visited 2 branches of the dungeon, and saw 11 of its levels.
You also visited: Sewer and Ossuary.

You collected 778 gold pieces.
You spent 55 gold pieces at shops.


Innate Abilities, Weirdness & Mutations

You can wield a second weapon in your off-hand.
It takes a long time for you to wield or remove held weapons.
Your first few attacks do less damage.
You cannot equip rings or amulets.


   Skills:
 + Level 6.6(11.6) Fighting
 * Level 11.6(16.6) Long Blades
 - Level 4.1(9.1) Axes
 - Level 7.0(12.0) Throwing
 + Level 6.3(11.3) Armour
 - Level 2.6(7.6) Dodging
 + Level 5.0 Invocations


You had 10 spell levels left.
You didn't know any spells.
Your spell library contained the following spells:

 Spells                   Type           Power      Damage    Failure   Level
 Sigil of Binding         Hex            0%         N/A       83%         3
 Dimensional Bullseye     Hex/Tloc       0%         N/A       99%         4
 Passage of Golubria      Tloc           0%         N/A       99%         4
 Yara's Violent Unravell  Hex/Alch       0%         3d3       100%        5
 Call Canine Familiar     Summ           Unusable   N/A       N/A         3
 Tukima's Dance           Hex            Unusable   N/A       N/A         3

Inventory:

Hand Weapons
 a - a +0 war axe {Akal}
 g - a +0 hand axe {Qing}
   (You found it on level 1 of the Dungeon)
 j - a +2 long sword of venom (offhand) {Marisol}
   (You found it on level 2 of the Dungeon)
 p - a +1 heavy scimitar (weapon) {Anneliese}
   (You found it in a sewer)
 D - a +1 long sword of holy wrath
   (You took it off an orc warrior on level 10 of the Dungeon)
Missiles
 d - 3 throwing nets
 e - 7 javelins
 h - 8 darts of dispersal
Armour
 b - a +1 troll leather armour (worn) {Pargi}
   (You found it in a sewer)
 c - a +1 helmet (worn)
 m - a +0 chain mail
   (You found it on level 2 of the Dungeon)
 B - a +0 cloak (worn)
   (You found it on level 7 of the Dungeon)
 E - a +0 plate armour
   (You took it off an orc warrior on level 10 of the Dungeon)
Scrolls
 o - a scroll of enchant armour
 q - a scroll of amnesia
 r - 7 scrolls of teleportation
 s - 3 scrolls of poison
 u - a scroll of vulnerability
 x - 3 scrolls of enchant weapon
 y - a scroll of immolation
 z - a scroll of blinking
Potions
 f - 2 potions of degeneration
 i - a potion of enlightenment
 k - a potion of berserk rage
 l - 3 potions of curing
 n - 2 potions of haste
 t - 3 potions of might
 v - a potion of ambrosia
 A - a potion of attraction
 C - a potion of brilliance

Dungeon Overview and Level Annotations

Branches:
Dungeon (10/15) Zot: 26616  Temple (1/1) D:5 Zot: 5985    Lair (0/5) D:10
    Orc (0/2) D:9           Sewer (visited)         Ossuary (visited)

Altars:
Ashenzari
Cheibriados
Dithmenos
Elyvilon
Fedhas
Gozag
Kikubaaqudgha
Makhleb
Nemelex Xobeh
Okawaru
Qazlal
Ru
Sif Muna
Trog
Uskayaw
Vehumet
Wu Jian
Xom
Yredelemnul
Zin
The Shining One

Shops:
D:5 (   D:7 *   D:8 (

Annotations:
D:8 3 runed translucent doors, Vadun's ghost, novice MiMo; dogverified's ghost, novice DsSh; hotsoup's ghost, novice HuWn

#. ##.))D...## #.. .#
#cD#####..# ..#
..#.##.).##)##.# #.#
.#T#(.)=.#.#.#.....
#...#..#..#....#
###.#.....#=#.#.....
#.##....#)##.# #.# ###
#..#####..# ..# #..
##cT@..).## #..
#####.#########.#########.###
#.........#..................
#.#.#.#.#.#.######.##.#####..
#.#.........#..# #.##.#
#.#.#.#.#.#.#..#####.##.#
.......).............##..
..#.#.#)#.#.#.#..########
#.........#.##.##.##


You could see a troll (extremely poisoned) and a centaur.


Message History

You slice the orc with your +1 heavy scimitar!!
You kill the orc!
Okawaru accepts your kill. Something hits you.
* * * LOW HITPOINT WARNING * * *
😨 HP[-2]
You take 2 damage, and now have 36/83 hp.
You barely miss the troll with your +2 long sword of venom.
You slice the troll with your +1 heavy scimitar!!
Something hits you but does no damage. The troll bites you!
* * * LOW HITPOINT WARNING * * *
The troll claws you.
* * * LOW HITPOINT WARNING * * *
The troll closely misses you. 😨 HP[-7]
You take 7 damage, and now have 29/83 hp.
Something hits you.
* * * LOW HITPOINT WARNING * * *
The troll attacks as it pursues you! The troll bites you!
* * * LOW HITPOINT WARNING * * *
The troll completely misses you. The troll closely misses you.
Unknown command. 😱 HP[-19]
You take 19 damage, and now have 10/83 hp.
MASSIVE DAMAGE!! (PAUSE) Unknown command.
Something hits you.
* * * LOW HITPOINT WARNING * * *
Something hits you but does no damage. The troll attacks as it pursues you!
The troll barely misses you. The troll misses you. The troll claws you.
* * * LOW HITPOINT WARNING * * *
😱 HP[-5]
You take 5 damage, and now have 5/83 hp.
Unknown command.
You feel much better. The troll misses you. The troll claws you!
* * * LOW HITPOINT WARNING * * *
The troll completely misses you. Something hits you.
* * * LOW HITPOINT WARNING * * *
😱 HP[+8]
You regained 8 hp, and now have 13/83 hp.
Unknown command.
You feel much better. Something hits you.
* * * LOW HITPOINT WARNING * * *
Something hits you!
* * * LOW HITPOINT WARNING * * *
The troll bites you but does no damage. The troll claws you but does no damage.
The troll barely misses you. 😱 HP[+4]
You regained 4 hp, and now have 17/83 hp.
Blink to where?
Press: ? - help, Dir - move target
As you read the scroll of blinking, it crumbles to dust.
Something hits you but does no damage. 😱 HP[+1]
Something hits you!
* * * LOW HITPOINT WARNING * * *
😱 HP[-8]
You take 8 damage, and now have 10/83 hp.
You see here an orc corpse. 😱 HP[+1]
You gain the combat prowess of a mighty hero.
Something hits you.
* * * LOW HITPOINT WARNING * * *
Something hits you.
* * * LOW HITPOINT WARNING * * *
😱 HP[-2] MP[-2]
You take 2 damage, and now have 9/83 hp.
You lost 2 mp, and now have 12/14 mp.
Unknown command.
You feel better. Something hits you!
* * * LOW HITPOINT WARNING * * *
Something hits you.
* * * LOW HITPOINT WARNING * * *
😱 HP[+1]
You feel yourself speed up.
Something hits you but does no damage. 😱 HP[+1] Unknown command.
Something completely misses you. 😱 HP[+1] Unknown command.
You see here an orc corpse.
Unknown command.
You closely miss the troll with your +2 long sword of venom.
You completely miss the troll with your +1 heavy scimitar.
The troll bites you!
* * * LOW HITPOINT WARNING * * *
The troll closely misses you.
The troll claws you but does no damage. 😱 HP[-8]
You take 8 damage, and now have 4/83 hp.
Unknown command.
You slash the troll with your +2 long sword of venom!
The troll is poisoned.
You hit the troll with your +1 heavy scimitar. 😱 HP[+1] Unknown command.
You hit the troll with your +2 long sword of venom.
The troll looks as sick as possible!
You hit the troll with your +1 heavy scimitar.
The troll barely misses you. The troll claws you!
You die...

Skill      XL: |  1  2  3  4  5  6  7  8  9 10 11 |
---------------+----------------------------------+-----
Armour         | 1 2 4 5 6 |  6.3
Throwing       | 2 3 4 5 7 |  7.0
Axes           | 4 |  4.1
Long Blades    | 1 2 4 7 9 10 11 | 11.6
Invocations    | 2 4 5 |  5.0
Fighting       | 4 5 6 |  6.6
Dodging        | |  2.6

Action                     |  1- 3 |  4- 6 |  7- 9 | 10-12 || total
---------------------------+-------+-------+-------+-------++-------
  Melee: War axe           |    44 |    32 |       |       ||    76
         Hand axe          |    30 |       |       |       ||    30
         Dagger            |     2 |       |       |       ||     2
         Long sword        |     5 |    65 |   201 |   175 ||   446
         Scimitar          |       |    32 |   217 |   194 ||   443
 Invoke: Heroism           |       |       |       |     3 ||     3
  Evoke: Wand              |       |       |       |     2 ||     2
    Use: Scroll            |     1 |     7 |     9 |     5 ||    22
         Potion            |       |       |     1 |     7 ||     8
   Stab: Sleeping          |       |     1 |     1 |     2 ||     4
         Distracted        |       |       |     1 |       ||     1
         Invisible         |       |       |       |     2 ||     2
 Armour: Leather armour    |    27 |     5 |       |       ||    32
         Chain mail        |       |    31 |       |       ||    31
         Troll leather arm |       |    36 |   248 |   207 ||   491
  Dodge: Dodged            |    27 |    58 |   177 |   132 ||   394

Levels and vault maps discovered:
D:1:      lemuel_arrival_broad_hall, layout_basic, serial_aquarium,
          aquarium_bridge_square [aquarium_subvault_bridge,
          aquarium_subvault_bridge, aquarium_subvault_wall,
          aquarium_subvault_balcony], aquarium_bridge_square
          [aquarium_subvault_bridge, aquarium_subvault_bridge,
          aquarium_subvault_wall, aquarium_subvault_bridge], aquarium_window_1,
          aquarium_window_1, aquarium_window_fake, aquarium_view_2a,
          aquarium_view_2d, aquarium_balcony_1b
D:2:      layout_loops_corners, minmay_tromino_v7
D:3:      layout_basic, mainiacjoe_overflow_concentric_impassable,
          mainiacjoe_overflow_alcove_1, cheibrodos_sewer_entry_drain
D:4:      layout_basic, nicolae_overflow_two_pavilions, saegor_snake_ambush
D:5:      layout_basic, hellmonk_sif_muna_bookshelves, temple_green,
          serial_shops, shop_fountains, enter_ossuary_3
D:6:      minmay_inner_zag, layout_loops_ring, led_xom_imps,
          mainiacjoe_overflow_catwalk, nicolae_gozag_seed_capital
D:7:      layout_gridville, serial_shops, shop
D:8:      layout_cave_pods, lemuel_mausoleum_altar_kikubaaqudgha,
          mainiacjoe_overflow_cross_hatched, chei_slow_surprise, serial_shops,
          shop, gammafunk_ghost_cemetery, minmay_misc_feat_enclosed
D:9:      layout_small_grid, mainiacjoe_overflow_24_doors, lemuel_crystal_altar,
          orc_0_dummy, minivault_11, hangedman_abyss_or_decor_clamps,
          fungi_pond_lemuel, uniq_gastronok
D:10:     minmay_the_grid_net [minmay_the_grid_pillar_ring,
          minmay_the_grid_minigrid_small, minmay_the_grid_medium_cups,
          minmay_the_grid_diamond_grid, minmay_the_grid_spin_star,
          minmay_the_grid_prize_inner_circle], layout_loops_corners,
          nzn_hepliaklqana_mist_gate, water_boxes_lemuel, uniq_maggie
Temple:   nicolae_temple_bog_church

Notes
Turn   | Place    | Note
-------+----------+-------------------------------------------
     0 | D:1      | ytrimaz the Coglin Gladiator began the quest for the Orb.
     0 | D:1      | Reached XP level 1. HP: 16/16 MP: 1/1
     0 | D:1      | magus.rc [v1.9.6]
   477 | D:1      | Reached XP level 2. HP: 18/22 MP: 2/2
   627 | D:1      | Reached skill level 1 in Armour
   664 | D:1      | Reached skill level 2 in Throwing
   780 | D:1      | Reached XP level 3. HP: 27/27 MP: 3/3
  1080 | D:2      | Reached XP level 4. HP: 33/33 MP: 4/4
  1507 | D:2      | Reached skill level 3 in Throwing
  1749 | D:3      | Found a glowing drain.
  1766 | Sewer    | Entered a sewer
  1778 | Sewer    | Noticed Pargi
  1796 | Sewer    | Killed Pargi
  1797 | Sewer    | Reached skill level 4 in Axes
  1797 | Sewer    | Reached skill level 2 in Armour
  1797 | Sewer    | Reached XP level 5. HP: 24/38 MP: 5/5
  1937 | Sewer    | Reached skill level 1 in Long Blades
  1937 | Sewer    | Reached skill level 4 in Throwing
  1937 | Sewer    | Reached XP level 6. HP: 44/44 MP: 6/6
  1948 | Sewer    | Reached skill level 2 in Long Blades
  2041 | D:3      | Found a glowing silver altar of Zin.
  2152 | D:3      | Found a sparkling altar of Nemelex Xobeh.
  2869 | D:4      | Reached XP level 7. HP: 33/50 MP: 7/7
  3170 | D:4      | Found a radiant altar of Vehumet.
  3170 | D:4      | Found a broken altar of Ashenzari.
  3510 | D:5      | Entered Level 5 of the Dungeon
  3598 | D:5      | Reached skill level 3 in Long Blades
  3653 | D:5      | Reached skill level 5 in Throwing
  3659 | D:5      | Found a shimmering blue altar of Sif Muna.
  3773 | D:5      | Found a sand-covered staircase.
  3781 | Ossuary  | Entered an ossuary
  3807 | Ossuary  | Reached skill level 4 in Long Blades
  3938 | Ossuary  | Reached XP level 8. HP: 56/56 MP: 8/8
  4161 | D:5      | You pick up a book of the Hunter and begin reading...
  4161 | D:5      | You add the spells Sigil of Binding, Call Canine Familiar
                  | and Dimensional Bullseye to your library.
  4230 | D:5      | Found a staircase to the Ecumenical Temple.
  4237 | Temple   | Entered the Ecumenical Temple
  4244 | Temple   | Became a worshipper of Warmaster Okawaru
  4322 | D:5      | Found Doro's Weapon Shoppe.
  4359 | D:5      | Upgraded the game from 0.32-a0-612-g1c984fe9d1 to
                  | 0.32-a0-616-g9348d4545b
  4359 | D:5      | magus.rc [v1.9.6]
  4525 | D:6      | Reached skill level 6 in Throwing
  4540 | D:6      | Reached skill level 5 in Long Blades
  4717 | D:6      | HP: 13/53 [wight/+5 halberd (7)]
  4722 | D:6      | HP: 11/51 [wight/+0 trident (6)]
  4759 | D:6      | Reached * piety under Okawaru
  4760 | D:6      | Reached skill level 6 in Long Blades
  4907 | D:6      | Reached skill level 7 in Throwing
  5076 | D:6      | Reached skill level 7 in Long Blades
  5082 | D:6      | Reached XP level 9. HP: 40/61 MP: 9/9
  5114 | D:6      | Found an opulent altar of Gozag.
  5136 | D:6      | Found a white marble altar of Elyvilon.
  5251 | D:6      | Found a shimmering altar of Xom.
  5277 | D:6      | Reached ** piety under Okawaru
  5341 | D:6      | Reached skill level 8 in Long Blades
  5341 | D:6      | Reached skill level 1 in Invocations
  5416 | D:6      | Reached skill level 3 in Armour
  5595 | D:7      | Reached skill level 3 in Fighting
  5862 | D:7      | Reached skill level 2 in Invocations
  5964 | D:7      | Reached skill level 9 in Long Blades
  5965 | D:7      | HP: 13/65 [yak (7)]
  5968 | D:7      | Reached *** piety under Okawaru
  5969 | D:7      | Reached skill level 4 in Fighting
  5969 | D:7      | Reached skill level 4 in Armour
  5969 | D:7      | Reached XP level 10. HP: 19/71 MP: 11/11
  5970 | D:7      | HP: 10/71 [yak (12)]
  6116 | D:7      | Found Xedghesk's Assorted Antiques.
  6121 | D:7      | Bought a scroll labelled SEDULLIOMA for 29 gold pieces
  6121 | D:7      | Bought a silvery potion for 26 gold pieces
  6257 | D:8      | Reached skill level 3 in Invocations
  6268 | D:8      | Found an ancient bone altar of Kikubaaqudgha.
  6361 | D:8      | Found Mituel's Antique Weapon Emporium.
  6397 | D:8      | You add the spells Passage of Golubria and Yara's Violent
                  | Unravelling to your library.
  6541 | D:8      | Found a runed translucent gate.
  6541 | D:8      | Found a runed translucent gate.
  6541 | D:8      | Found a runed translucent gate.
  6543 | D:8      | Noticed dogverified's ghost (novice DsSh)
  6543 | D:8      | Noticed hotsoup's ghost (novice HuWn)
  6544 | D:8      | Noticed Vadun's ghost (novice MiMo)
  6586 | D:8      | Found a snail-covered altar of Cheibriados.
  6706 | D:8      | Reached **** piety under Okawaru
  6835 | D:8      | Found a stormy altar of Qazlal.
  7211 | D:9      | Noticed a kobold demonologist
  7215 | D:9      | Noticed a sixfirhy
  7217 | D:9      | Killed a kobold demonologist
  7218 | D:9      | Reached skill level 5 in Fighting
  7218 | D:9      | Reached skill level 10 in Long Blades
  7307 | D:9      | Noticed Gastronok
  7333 | D:9      | Killed Gastronok
  7334 | D:9      | Reached skill level 5 in Armour
  7334 | D:9      | Reached skill level 4 in Invocations
  7341 | D:9      | HP: 18/75 [orc warrior/+0 trident (8)]
  7342 | D:9      | Reached ***** piety under Okawaru
  7343 | D:9      | Reached XP level 11. HP: 20/80 MP: 12/14
  7425 | D:9      | Found a glowing golden altar of the Shining One.
  7579 | D:9      | Reached skill level 6 in Fighting
  7579 | D:9      | Reached skill level 11 in Long Blades
  7813 | D:9      | Found a sacrificial altar of Ru.
  7896 | D:9      | Found a staircase to the Orcish Mines.
  8118 | D:10     | Entered Level 10 of the Dungeon
  8125 | D:10     | Found a staircase to the Lair.
  8270 | D:10     | Noticed Maggie
  8280 | D:10     | Killed Maggie
  8281 | D:10     | Reached skill level 6 in Armour
  8412 | D:10     | Noticed a brown ugly thing
  8412 | D:10     | Noticed a purple ugly thing
  8425 | D:10     | Killed a purple ugly thing
  8426 | D:10     | Killed a brown ugly thing
  8427 | D:10     | Reached skill level 5 in Invocations
  8431 | D:10     | Received a gift from Okawaru
  8488 | D:10     | HP: 10/83 [troll (15)]
  8493 | D:10     | HP: 10/83 [something (9)]
  8500 | D:10     | HP: 4/83 [troll (9)]
  8502 | D:10     | Slain by a troll

Vanquished Creatures
  Gastronok (D:9)
  2 ugly things (D:10)
  An unseen horror zombie (D:8)
  Maggie (D:10)
  A kobold demonologist (D:9)
  A tengu conjurer (D:10)
  A troll (D:10)
  14 yaks
  2 wraiths
  A steam dragon (D:9)
  A vampire (D:10)
  Pargi (Sewer)
  A black bear (D:7)
  2 ice beasts (D:6)
  6 orc warriors
  3 ogres
  A boggart (D:10)
  3 centaurs
  A brain worm (shapeshifter) (D:10)
  2 brain worms (Sewer)
  4 kobold brigands
  3 bullfrogs
  3 gnoll sergeants
  2 scorpions (D:6)
  3 burial acolytes
  5 wights
  2 wyvern skeletons (D:8)
  4 howler monkeys
  An electric eel (D:9)
  4 crimson imps (D:6)
  2 centaur zombies (D:8)
  2 bombardier beetles (D:6)
  2 human zombies
  9 orc priests
  5 hounds
  A gnoll bouda (D:7)
  A centaur skeleton (D:8)
  A sleepcap (D:7)
  12 orc wizards
  A killer bee zombie (D:8)
  4 mummies (Ossuary)
  A howler monkey zombie (D:8)
  8 adders
  23 gnolls
  A shadow imp (D:6)
  3 white imps
  2 dart slugs (D:3)
  2 ribbon worms (D:3)
  44 orcs
  6 endoplasms
  A giant cockroach (D:2)
  3 goblins
  6 hobgoblins
  6 jackals (D:1)
  23 kobolds
  2 quokkas
  8 ball pythons
  2 bats
  7 frilled lizards
  4 gnoll zombies (Ossuary)
  2 kobold zombies (Ossuary)
  2 orc zombies
  8 rats
  A rat zombie (D:5)
282 creatures vanquished.

Table legend:
 A = Non-vault XP
 B = Vault XP
 C = Vault XP percentage of total XP
 D = Non-vault monster count
 E = Vault monster count
 F = Vault count percentage of total count
                 A         B        C        D         E       F
            +---------+---------+-------+---------+---------+-------
      Total |    8653 |    6361 |  42.4 |     212 |      70 |  24.8
            +---------+---------+-------+---------+---------+-------
        D:1 |      34 |       0 |   0.0 |      21 |       0 |   0.0
        D:2 |      84 |       6 |   6.7 |      16 |       4 |  20.0
        D:3 |      98 |       6 |   5.8 |      22 |       3 |  12.0
        D:4 |      79 |       1 |   1.2 |      10 |       1 |   9.1
        D:5 |     394 |       2 |   0.5 |      17 |       2 |  10.5
        D:6 |    1538 |     353 |  18.7 |      40 |      10 |  20.0
        D:7 |    1856 |       0 |   0.0 |      31 |       0 |   0.0
        D:8 |     946 |     962 |  50.4 |      19 |      12 |  38.7
        D:9 |    2930 |    1445 |  33.0 |      26 |       1 |   3.7
       D:10 |     694 |    2986 |  81.1 |      10 |      14 |  58.3
      Sewer |       0 |     335 | 100.0 |       0 |       9 | 100.0
    Ossuary |       0 |     265 | 100.0 |       0 |      14 | 100.0
            +---------+---------+-------+---------+---------+-------

Skill      XL: |  1  2  3  4  5  6  7  8  9 10 11 |
---------------+----------------------------------+-----
Armour         | 1 2 4 5 6 |  6.3
Throwing       | 2 3 4 5 7 |  7.0
Axes           | 4 |  4.1
Long Blades    | 1 2 4 7 9 10 11 | 11.6
Invocations    | 2 4 5 |  5.0
Fighting       | 4 5 6 |  6.6
Dodging        | |  2.6

Action                     |  1- 3 |  4- 6 |  7- 9 | 10-12 || total
---------------------------+-------+-------+-------+-------++-------
  Melee: War axe           |    44 |    32 |       |       ||    76
         Hand axe          |    30 |       |       |       ||    30
         Dagger            |     2 |       |       |       ||     2
         Long sword        |     5 |    65 |   201 |   175 ||   446
         Scimitar          |       |    32 |   217 |   194 ||   443
 Invoke: Heroism           |       |       |       |     3 ||     3
  Evoke: Wand              |       |       |       |     2 ||     2
    Use: Scroll            |     1 |     7 |     9 |     5 ||    22
         Potion            |       |       |     1 |     7 ||     8
   Stab: Sleeping          |       |     1 |     1 |     2 ||     4
         Distracted        |       |       |     1 |       ||     1
         Invisible         |       |       |       |     2 ||     2
 Armour: Leather armour    |    27 |     5 |       |       ||    32
         Chain mail        |       |    31 |       |       ||    31
         Troll leather arm |       |    36 |   248 |   207 ||   491
  Dodge: Dodged            |    27 |    58 |   177 |   132 ||   394

Illustrated notes

Table legend:
 A = Kills in this place as a percentage of kills in the entire game.
 B = Kills by you in this place as a percentage of kills by you in the entire game.
 C = Kills by friends in this place as a percentage of kills by friends in the entire game.
 D = Other kills in this place as a percentage of other kills in the entire game.
 E = Experience gained in this place as a percentage of experience gained in the entire game.
 F = Experience gained in this place divided by the number of levels of this place that you have seen.
                   A       B       C       D       E      F
               +-------+-------+-------+-------+-------+----------------------
         Total | 100.0 | 100.0 |   N/A |   N/A | 100.0 | 1154.9
       Dungeon |  91.8 |  91.8 |   N/A |   N/A |  96.0 | 1441.4
         Sewer |   3.2 |   3.2 |   N/A |   N/A |   2.2 | 335.0
       Ossuary |   5.0 |   5.0 |   N/A |   N/A |   1.8 | 265.0
               +-------+-------+-------+-------+-------+----------------------

Table legend: (Time is in decaauts)
 A = Elapsed time spent in this place.
 B = Non-inter-level travel time spent in this place.
 C = Inter-level travel time spent in this place.
 D = Time resting spent in this place.
 E = Time spent auto-exploring this place.
 F = Levels seen in this place.
 G = Mean time per level.
                   A        B        C        D        E       F      G
               +--------+--------+--------+--------+--------+-----+--------+
         Total |   8695 |   8414 |    281 |    146 |   6434 |  13 |  668.8 |
       Dungeon |   8265 |   7996 |    269 |    146 |   6200 |  10 |  826.5 |
        Temple |     14 |      2 |     12 |      0 |      0 |   1 |   14.0 |
         Sewer |    226 |    226 |      0 |      0 |    136 |   1 |  226.0 |
       Ossuary |    188 |    188 |      0 |      0 |     98 |   1 |  188.0 |
               +--------+--------+--------+--------+--------+-----+--------+

Top non-repeatable levels by time:
     D:6: 1114 daAuts
     D:8: 1036 daAuts
     D:9: 916 daAuts
     D:1: 889 daAuts
     D:2: 831 daAuts
     D:3: 830 daAuts
     D:4: 823 daAuts
     D:5: 813 daAuts
     D:7: 627 daAuts
    D:10: 382 daAuts
   Sewer: 226 daAuts
 Ossuary: 188 daAuts
  Temple: 14 daAuts
